 Dungeon Crawl Stone Soup version 0.21.1-1-g345015fe64 (webtiles) character file.

81 Oddi92 the Skirmisher (level 4, 0/40 HPs)
             Began as a Hill Orc Fighter on June 12, 2018.
             Succumbed to an adder's poison
             ... on level 2 of the Dungeon.
             The game lasted 00:05:33 (1573 turns).

Oddi92 the Skirmisher (Hill Orc Fighter)            Turns: 1573, Time: 00:05:33

Health: 0/40       AC:  7    Str: 19    XL:     4   Next: 42%
Magic:  4/4        EV:  7    Int:  8    God:
Gold:   85         SH:  9    Dex: 10    Spells: 3/3 levels left

rFire    . . .     SeeInvis .   a - +0 long sword
rCold    . . .     Gourm    .   c - +0 shield
rNeg     . . .     Faith    .   b - +0 scale mail
rPois    .         Spirit   .   (no helmet)
rElec    .         Reflect  .   (no cloak)
rCorr    .         Harm     .   (no gloves)
MR       .....                  (no boots)
Stlth    ..........             (no amulet)
HPRegen  0.13/turn              (no ring)
MPRegen  0.09/turn              (no ring)

@: lethally poisoned (0 -> -2)
A: no striking features
a: no special abilities


You were on level 2 of the Dungeon.
You were hungry.

You visited 1 branch of the dungeon, and saw 2 of its levels.

You collected 85 gold pieces.

Inventory:

Hand Weapons
 a - a +0 long sword (weapon)
 g - a +0 hunting sling
Missiles
 k - 23 sling bullets
 l - 113 stones (quivered)
Armour
 b - a +0 scale mail (worn)
 c - a +0 shield (worn)
Jewellery
 s - an uncursed ring of magical power {unknown}
Scrolls
 e - a scroll of fog {unknown}
 i - 3 scrolls of identify {unknown}
 o - a scroll of remove curse {unknown}
 p - a scroll of teleportation {unknown}
Potions
 d - a potion of might
 h - a potion of mutation {unknown}
 j - a potion of agility {unknown}
 m - a potion of haste {unknown}
 n - 2 potions of brilliance {unknown}
 q - a potion of lignification {unknown}
Comestibles
 f - 5 rations


   Skills:
 + Level 4.2 Fighting
 + Level 3.1 Long Blades
 + Level 3.9 Armour
 + Level 0.7 Dodging
 + Level 3.8 Shields


You had 3 spell levels left.
You didn't know any spells.

Dungeon Overview and Level Annotations

Branches:
Dungeon (2/15)

Altars:
Cheibriados


Message History

The orc wizard hits you but does no damage.
The giant cockroach bites you but does no damage.
The orc barely misses you. The adder bites you but does no damage.
The orc barely misses you.
You riposte.
You slash the orc!
You kill the orc!
Your shield prevents you from hitting the adder.
The adder is moderately wounded.
The bat hits you but does no damage. The adder barely misses you.
The giant cockroach barely misses you.
The orc wizard mumbles some strange words.
The orc wizard blinks!
The orc wizard hits you with a dagger.
* * * LOW HITPOINT WARNING * * *
The orc completely misses you. The adder bites you but does no damage.
The giant cockroach bites you but does no damage.
The orc wizard closely misses you.
You riposte.
Your shield and scale mail prevent you from hitting the orc wizard.
The orc wizard is lightly wounded.
You miss the adder.
The adder is moderately wounded.
You die...

## ######### #..
........#
####.##########.### #
##..................
..####...#.###.#####..###
.........b# #.#.........
$.##....o..###.#.###..###
........)...##.#.###..#
.##...o@ยง............#
##..Sso.....#.###.##
##...####.>..# #.#
##.......#..###.##
##.####...###...### #.#
##.>.........
#.#####.####...###
#.............##
#######.###.#.##


You could see 2 orc wizards, an adder, an orc, a giant cockroach and a bat.

Vanquished Creatures
  2 adders (D:2)
  3 dart slugs
  3 leopard geckos (D:1)
  2 orcs (D:2)
  4 goblins (D:1)
  8 hobgoblins
  12 jackals
  7 bats
  5 frilled lizards
  2 kobolds
48 creatures vanquished.

Notes
Turn   | Place    | Note
-------+----------+-------------------------------------------
     0 | D:1      | Oddi92 the Hill Orc Fighter began the quest for the Orb.
     0 | D:1      | Reached XP level 1. HP: 19/19 MP: 1/1
   256 | D:1      | Reached XP level 2. HP: 24/27 MP: 2/2
   259 | D:1      | Reached skill level 4 in Fighting
   621 | D:1      | Reached XP level 3. HP: 28/33 MP: 3/3
  1053 | D:2      | Found a snail-covered altar of Cheibriados.
  1250 | D:2      | Reached XP level 4. HP: 27/40 MP: 4/4
  1572 | D:2      | HP: 1/40 [orc wizard/dagger (2)]
  1573 | D:2      | Succumbed to an adder's poison

Skill      XL: |  1  2  3 |
---------------+----------+-----
Fighting       | 4 |  4.2
Long Blades    | 3 |  3.1
Armour         | |  3.9
Dodging        | |  0.7
Shields        | |  3.8

Action                   |  1- 3 |  4- 6 || total
-------------------------+-------+-------++-------
Melee: Long sword        |   151 |    47 ||   198
  Eat: Chunk             |     1 |     1 ||     2
Armor: Scale mail        |    89 |    60 ||   149
Dodge: Dodged            |    57 |    38 ||    95
Block: Shield            |   108 |    41 ||   149
       Rpst.: Long sword |    19 |    13 ||    32
